 Dungeon Crawl Stone Soup version 0.29.1-15-g9cfb28693d (webtiles) character file.

Game seed: 6832238573257013096

741 LustLizard the Sneak (level 8, -2/48 HPs)
             Began as a Kobold Brigand on Mar 31, 2023.
             Was a Believer of Uskayaw.
             Splashed by a jelly's acid (8 damage)
             ... on level 5 of the Dungeon.
             The game lasted 00:09:54 (6386 turns).

LustLizard the Sneak (Kobold Brigand)               Turns: 6386, Time: 00:09:55

Health: -2/48      AC: -2    Str:  9    XL:     8   Next: 5%
Magic:  9/9        EV: 16    Int: 12    God:    Uskayaw [**....]
Gold:   218        SH:  0    Dex: 18    Spells: 7/7 levels left

rFire   . . .      SeeInvis .   x - +2 dagger (speed)
rCold   . . .      Faith    .   (no shield)
rNeg    . . .      Spirit   .   u - +1 robe {Will+}
rPois   .          Reflect  .   p - +1 helmet
rElec   .          Harm     .   c - +0 cloak
rCorr   .          Rampage  .   (no gloves)
Will    +....                   (no boots)
Stlth   +++++.....              (no amulet)
HPRegen 0.16/turn               k - ring of wizardry
MPRegen 0.11/turn               (no ring)

@: corroded
A: small, no large weapons, nightstalker 3
a: Renounce Religion, Stomp, Line Pass


You were on level 5 of the Dungeon.
You worshipped Uskayaw.
Uskayaw was noncommittal.
You visited 2 branches of the dungeon, and saw 6 of its levels.

You collected 240 gold pieces.
You spent 22 gold pieces at shops.

Inventory:

Hand Weapons
 a - a +2 dagger
 w - a +2 dagger of holy wrath
 x - a +2 dagger of speed (weapon)
Missiles
 d - 7 poisoned darts (quivered)
 e - 4 curare-tipped darts
 f - 36 stones
 t - a throwing net
 v - 2 boomerangs
Armour
 c - a +0 cloak (worn)
 p - a +1 helmet (worn)
 u - a +1 robe of willpower (worn)
Jewellery
 k - a ring of wizardry (left hand)
Scrolls
 g - a scroll of enchant armour {unknown}
 h - 2 scrolls of magic mapping {unknown}
 j - a scroll of silence {unknown}
 o - a scroll of vulnerability {unknown}
 r - 2 scrolls of immolation {unknown}
Potions
 b - a potion of heal wounds {unknown}
 i - a potion of resistance
 l - a potion of invisibility
 m - 3 potions of flight
 n - 3 potions of curing
 z - 2 potions of haste
 A - 2 potions of might


   Skills:
 + Level 4.1 Fighting
 * Level 6.7 Short Blades
 + Level 4.1 Throwing
 + Level 3.9 Dodging
 - Level 6.7 Stealth
 * Level 2.3 Invocations


You had 7 spell levels left.
You didn't know any spells.
Your spell library was empty.

Dungeon Overview and Level Annotations

Branches:
Dungeon (5/15)             Temple (1/1) D:4

Altars:
Dithmenos
Gozag
Kikubaaqudgha
Makhleb
Nemelex Xobeh
Ru
Trog
Uskayaw
Wu Jian
Yredelemnul

Shops:
D:5 ?


Innate Abilities, Weirdness & Mutations

You are small and have problems with some larger weapons.
You are completely attuned to the shadows.


Message History

You spit the gnoll like a pig!!!
You kill the gnoll! 2 gnolls come into view.
Found a robe.
Things that are here:
a +0 flail; a gnoll corpse You start waiting.
A jelly is nearby!
You throw a poisoned dart. The poisoned dart hits the jelly.
The jelly quivers.
You throw a poisoned dart. The poisoned dart hits the jelly!
Throw: 8 darts (poison)
Press: ? - help, Q - select action, (/) - cycle Shift-Dir - straight line, f/p - jelly
Aim: a jelly (91% to hit)
You throw a poisoned dart.
The poisoned dart barely misses the jelly.
Unknown command.
You hit the jelly.
Your hands burn!
The jelly is moderately wounded.
You hit the jelly.
Your hands burn!
The jelly is severely wounded.
You can now pass through a line of other dancers.
You hit the jelly. The acid corrodes you!
Your hands burn!
The jelly is almost dead.
The jelly hits you.
You are splashed with acid!
You hit the jelly but do no damage. The acid corrodes you!
Your hands burn!
The jelly is almost dead.
You hit the jelly but do no damage.
Your hands burn!
The jelly is almost dead.
The jelly hits you.
You are splashed with acid!
* * * LOW HITPOINT WARNING * * *
You hit the jelly but do no damage.
Your hands burn!
* * * LOW HITPOINT WARNING * * *
The jelly is almost dead.
You barely miss the jelly.
The jelly is almost dead.
The jelly hits you.
* * * LOW HITPOINT WARNING * * *
You are splashed with acid!
You die...

###.................######
##..................##
##...##.............)#
###..####...#..........#
##..### ##..###........#
#..## ##..###.......###
#.#.## #..###.........##
####.######
#...##....##....###
#......###..@.#...#####....##
#..........J....### ###....
#..............## ###..
##.##....(......# #..
#.##...((......# #..
#.#.........#..# ##..
.....#....###.. ##...
....#....## ###....
..##....## .. ###......


You could see a jelly.

Vanquished Creatures
  An ice beast (D:5)
  An ogre (D:5)
  A kobold brigand (D:4)
  2 scorpions (D:5)
  A hound (D:4)
  An orc priest (D:2)
  An iguana (D:5)
  2 orc wizards
  6 gnolls
  4 adders
  An ufetubus (D:4)
  2 worms
  2 dart slugs
  23 orcs
  8 endoplasms
  6 giant cockroaches
  8 goblins
  8 hobgoblins
  5 jackals
  9 quokkas
  10 ball pythons
  7 bats
  3 frilled lizards
  7 kobolds
  3 rats
122 creatures vanquished.

Notes
Turn   | Place    | Note
-------+----------+-------------------------------------------
     0 | D:1      | LustLizard the Kobold Brigand began the quest for the Orb.
     0 | D:1      | Reached XP level 1. HP: 12/12 MP: 1/1
   165 | D:1      | Reached XP level 2. HP: 17/17 MP: 2/2
   412 | D:1      | Found a faded altar of an unknown god.
   414 | D:1      | Reached XP level 3. HP: 22/22 MP: 3/3
  1048 | D:2      | Reached XP level 4. HP: 27/27 MP: 4/4
  2121 | D:3      | Reached XP level 5. HP: 32/32 MP: 5/5
  3719 | D:4      | Reached XP level 6. HP: 37/37 MP: 6/6
  3722 | D:4      | Reached skill level 5 in Short Blades
  3766 | D:4      | Identified the +9 mace of the Hungering Gods {flame, rC+
                  | Will+ Stlth+}
  4872 | D:4      | Found a staircase to the Ecumenical Temple.
  4883 | Temple   | Entered the Ecumenical Temple
  4915 | Temple   | Became a worshipper of Uskayaw the Reveller
  4954 | D:4      | Reached * piety under Uskayaw
  5136 | D:5      | Entered Level 5 of the Dungeon
  5201 | D:5      | Reached ** piety under Uskayaw
  5212 | D:5      | Reached XP level 7. HP: 38/42 MP: 7/7
  5327 | D:5      | Found a sacrificial altar of Ru.
  5330 | D:5      | Found a sparkling altar of Nemelex Xobeh.
  5671 | D:5      | Found Civiry's Magic Scroll Shoppe.
  5699 | D:5      | Reached skill level 1 in Invocations
  5774 | D:5      | Bought a scroll of identify for 22 gold pieces
  5943 | D:5      | Reached XP level 8. HP: 48/48 MP: 9/9
  6386 | D:5      | Splashed by a jelly's acid

Illustrated notes

Levels and vault maps discovered:
D:1:      dpeg_arrival_leaves_temple_mockup, layout_rooms,
          shapermc_ecumenical_altar_acropolis, minmay_small_reverse_x
D:2:      layout_basic, minmay_circle_x
D:3:      layout_rooms, minmay_misc_feat_x, serial_park_tiny_pond,
          kennysheep_big_empty_room, palyth_stone_intersect, item_on_display_a
D:4:      minmay_chambers_of_fours, layout_basic,
          minmay_temple_entry_statues_pillars
D:5:      layout_layer_cave, mainiacjoe_overflow_small_starburst,
          jmf_multi_god_temple, serial_shops, nicolae_stop_n_shop_2
Temple:   cyrus_circular_temple

Skill      XL: |  1  2  3  4  5  6  7 |
---------------+----------------------+-----
Short Blades   | 3 4 5 6 |  6.7
Dodging        | 2 3 |  3.9
Stealth        | 6 |  6.7
Throwing       | 3 4 |  4.1
Fighting       | 3 4 |  4.1
Invocations    | 2 |  2.3

Action                   |  1- 3 |  4- 6 |  7- 9 || total
-------------------------+-------+-------+-------++-------
Melee: Dagger            |    60 |   276 |    72 ||   408
       Punch             |       |     4 |       ||     4
Throw: Dart              |     1 |    10 |     3 ||    14
       Stone             |       |     2 |       ||     2
Invok: Stomp             |       |       |     2 ||     2
  Use: Scroll            |       |     4 |     4 ||     8
       Potion            |       |       |     2 ||     2
 Stab: Sleeping          |    17 |    27 |     9 ||    53
       Distracted        |     2 |     1 |     1 ||     4
Armor: Robe              |    14 |    48 |     4 ||    66
Dodge: Dodged            |    38 |   153 |    41 ||   232
